[Event "POL-chT 2nd League-4 2020"]
[Site "Poronin"]
[Date "2020.09.08"]
[Round "4.19"]
[White "Kosiorek, Marek"]
[Black "Bednarczyk, Damian"]
[Result "1-0"]
[ECO "A25"]
[WhiteElo "2223"]
[BlackElo "2258"]
[Annotator "ChessBase"]
[PlyCount "75"]
[EventDate "2020.09.05"]
[EventType "team-tourn"]
[EventCountry "POL"]
[SourceTitle "playchess.com"]
[Source "ChessBase"]
[SourceQuality "1"]
[TimeControl "40/5400+30:900+30"]

1. c4 e5 2. g3 Nc6 3. Bg2 g6 4. Nc3 Bg7 5. Rb1 d6 6. b4 a6 7. a4 Be6 8. b5 Na5 9. d3 Ne7 10. Nf3 O-O 11. O-O h6 12. Bd2 axb5 13. axb5 f5 14. Ne1 e4 15. Nc2 Qd7 16. Nb4 b6 17. dxe4 Rae8 18. Qc1 Kh7 19. Ncd5 fxe4 20. Bxe4 Nxd5 21. cxd5 Bh3 22. Qc2 Rxe4 23. Qxe4 Re8 24. Qf3 Nc4 25. Bf4 Bxf1 26. Kxf1 Qf5 27. Qd3 Na3 28. Qxf5 gxf5 29. Rc1 Nxb5 30. Na6 Re7 31. Rc6 Bd4 32. e3 Bc5 33. Ke1 Kg7 34. Kd2 h5 35. Kd3 Kf8 36. Kc4 Na3+ 37. Kd3 Nb5 38. Bg5 1-0

[Event "POL-chT 2nd League-4 2020"]
[Site "Poronin"]
[Date "2020.09.08"]
[Round "4.20"]
[White "Mirski, Michal"]
[Black "Lukasik, Adam"]
[Result "1-0"]
[ECO "B00"]
[WhiteElo "2032"]
[BlackElo "2010"]
[Annotator "ChessBase"]
[PlyCount "55"]
[EventDate "2020.09.05"]
[EventType "team-tourn"]
[EventCountry "POL"]
[SourceTitle "playchess.com"]
[Source "ChessBase"]
[SourceQuality "1"]
[TimeControl "40/5400+30:900+30"]

1. e4 d6 2. Nc3 e5 3. f4 exf4 4. Bc4 Qh4+ 5. Kf1 Be6 6. Be2 g6 7. d4 Bh6 8. Bf3 Ne7 9. g3 Bh3+ 10. Kf2 Qf6 11. Nxh3 fxg3+ 12. hxg3 Bg7 13. Be3 Nec6 14. Nb5 Qe7 15. Nf4 Na6 16. Nd5 Qd8 17. Qd2 Ncb8 18. Bf4 h5 19. g4 Qd7 20. Qe2 h4 21. g5 Qd8 22. c3 Kf8 23. Ndxc7 Nxc7 24. Bxd6+ Kg8 25. Bxc7 Qxg5 26. Rag1 Qe7 27. Bd6 Qe6 28. e5 1-0

[Event "POL-chT 2nd League-4 2020"]
[Site "Poronin"]
[Date "2020.09.08"]
[Round "4.21"]
[White "Kurpiewski, Slawomir"]
[Black "Turecki, Stanislaw"]
[Result "1-0"]
[ECO "A03"]
[WhiteElo "1943"]
[BlackElo "1785"]
[Annotator "ChessBase"]
[PlyCount "93"]
[EventDate "2020.09.05"]
[EventType "team-tourn"]
[EventCountry "POL"]
[SourceTitle "playchess.com"]
[Source "ChessBase"]
[SourceQuality "1"]
[TimeControl "40/5400+30:900+30"]

1. f4 d5 2. Nf3 Nf6 3. g3 e6 4. Bg2 c5 5. O-O Nc6 6. d3 Be7 7. e4 dxe4 8. dxe4 Qxd1 9. Rxd1 Nxe4 10. Ne5 Nxe5 11. fxe5 f5 12. Bxe4 fxe4 13. Nc3 O-O 14. Nxe4 b6 15. Bg5 Bxg5 16. Nxg5 h6 17. Nh3 Bb7 18. Rd6 Rae8 19. Nf4 Bc8 20. Re1 g5 21. Nh5 Rd8 22. Nf6+ Kf7 23. Red1 Rxd6 24. Rxd6 Ke7 25. Rd3 Kf7 26. g4 Ke7 27. Kf2 Kf7 28. Ke3 Rh8 29. c4 Ke7 30. Ra3 a6 31. Rb3 Kd8 32. Rxb6 Kc7 33. Rd6 Rf8 34. Rd3 Kc6 35. Ke2 Kc7 36. Rh3 Rh8 37. Kd2 Bb7 38. Kc3 a5 39. Rd3 Bc6 40. Rd6 Bf3 41. Rxe6 h5 42. gxh5 Bxh5 43. Nd5+ Kd8 44. Ra6 Be8 45. Ra8+ Kd7 46. Nf6+ Ke7 47. Rxe8+ 1-0

[Event "POL-chT 2nd League-4 2020"]
[Site "Poronin"]
[Date "2020.09.08"]
[Round "4.22"]
[White "Rainer, Piotr"]
[Black "Sikorski, Tomasz"]
[Result "1-0"]
[ECO "C05"]
[WhiteElo "1641"]
[BlackElo "1702"]
[Annotator "NA"]
[PlyCount "67"]
[EventDate "2020.09.05"]
[EventType "team-tourn"]
[EventCountry "POL"]
[SourceTitle "playchess.com"]
[Source "ChessBase"]
[SourceQuality "1"]
[TimeControl "40/5400+30:900+30"]

1. e4 e6 2. d4 d5 3. Nd2 Nf6 4. exd5 exd5 5. Bd3 Bg4 6. Ne2 Qd7 7. O-O Nc6 8. c3 Bf5 9. Bxf5 Qxf5 10. Ng3 Qd7 11. Nb3 O-O-O 12. a4 h5 13. a5 h4 14. Ne2 Qg4 15. f3 Qf5 16. Nc5 Bxc5 17. dxc5 a6 18. b4 Rd7 19. b5 Nb8 20. Nd4 Qg6 21. c6 bxc6 22. bxa6 Nxa6 23. Qe2 Kb7 24. Nxc6 Ra8 25. Qb5+ Kc8 26. Rb1 Qxb1 27. Qxb1 d4 28. cxd4 Rd6 29. Ne7+ Kd8 30. Qb7 Kxe7 31. Qxa8 Nd5 32. Bg5+ f6 33. Re1+ Kd7 34. Qe8# 1-0

[Event "POL-chT 2nd League-4 2020"]
[Site "Poronin"]
[Date "2020.09.08"]
[Round "4.24"]
[White "Siwek, Kinga"]
[Black "Dabrowska, Aleksandra"]
[Result "0-1"]
[ECO "B19"]
[WhiteElo "1804"]
[BlackElo "1566"]
[Annotator "NA"]
[PlyCount "124"]
[EventDate "2020.09.05"]
[EventType "team-tourn"]
[EventCountry "POL"]
[SourceTitle "playchess.com"]
[Source "ChessBase"]
[SourceQuality "1"]
[TimeControl "40/5400+30:900+30"]

1. e4 c6 2. d4 d5 3. Nc3 dxe4 4. Nxe4 Bf5 5. Ng3 Bg6 6. Nf3 Nd7 7. h4 h6 8. h5 Bh7 9. Bd3 Bxd3 10. Qxd3 e6 11. Bd2 Qc7 12. O-O-O O-O-O 13. Rhe1 Ngf6 14. Qe2 Bd6 15. Ne5 Rhf8 16. f4 c5 17. dxc5 Bxc5 18. Nd3 Bd6 19. Ne4 Nxe4 20. Qxe4 Nf6 21. Qa4 Kb8 22. Be3 b6 23. Ne5 Rc8 24. c3 Bxe5 25. fxe5 Nd5 26. Bd2 Qc4 27. Re4 Qxa4 28. Rxa4 Rc7 29. Rg4 f6 30. Rf1 Kb7 31. Kb1 b5 32. Rf3 Rff7 33. exf6 Rxf6 34. Rxf6 Nxf6 35. Rb4 Rc5 36. g4 a5 37. Rf4 e5 38. Rf5 Nxg4 39. Kc2 Rc7 40. Kd3 Kc6 41. Ke2 Rd7 42. Be1 e4 43. Rf4 Nf6 44. Bh4 Nxh5 45. Rxe4 g5 46. Bf2 Nf4+ 47. Kf3 Nd3 48. Bd4 Nxb2 49. Re6+ Rd6 50. Re8 Nc4 51. Rc8+ Kd7 52. Rc5 Na3 53. Kg4 Ra6 54. Kh5 b4 55. cxb4 axb4 56. Rf5 Nc2 57. Bg7 Rxa2 58. Kxh6 Ne3 59. Rb5 g4 60. Bd4 Nc2 61. Bc5 Kc6 62. Bg1 Ra1 0-1

[Event "POL-chT 2nd League-4 2020"]
[Site "Poronin"]
[Date "2020.09.09"]
[Round "5.6"]
[White "Suchanek, Paulina"]
[Black "Rykala, Monika"]
[Result "1/2-1/2"]
[ECO "D44"]
[WhiteElo "1555"]
[BlackElo "1877"]
[Annotator "NA RC"]
[PlyCount "73"]
[EventDate "2020.09.05"]
[EventType "team-tourn"]
[EventCountry "POL"]
[SourceTitle "playchess.com"]
[Source "ChessBase"]
[SourceQuality "1"]
[TimeControl "40/5400+30:900+30"]

1. d4 d5 2. c4 e6 3. Nc3 Nf6 4. Nf3 c6 5. Bg5 dxc4 6. e3 b5 7. Be2 Bb7 8. O-O Nbd7 9. Qc2 h6 10. Bh4 Qb6 11. b3 cxb3 12. Qxb3 a6 13. Rac1 Rc8 14. Bxf6 Nxf6 15. Ne5 Bd6 16. Na4 Qc7 17. Nc5 Bxc5 18. Rxc5 Ne4 19. Rc2 c5 20. Rb1 Bd5 21. Qa3 Qd6 22. f3 c4 23. Qa5 Nf6 24. a4 O-O 25. axb5 axb5 26. Rxb5 Ra8 27. Qb4 Qxb4 28. Rxb4 Ra3 29. e4 Ba8 30. Rbxc4 Ra7 31. Kf2 Nd7 32. Nxd7 Rxd7 33. Ke3 Rfd8 34. Rd2 Kf8 35. Bd1 Ra7 36. Ra4 Rc7 37. Be2 1/2-1/2

[Event "POL-chT 2nd League-4 2020"]
[Site "Poronin"]
[Date "2020.09.09"]
[Round "5.10"]
[White "Hemmerling, Jaroslaw"]
[Black "Ociepka, Tomasz"]
[Result "1-0"]
[ECO "D79"]
[WhiteElo "1938"]
[BlackElo "1888"]
[Annotator "RC"]
[PlyCount "71"]
[EventDate "2020.09.05"]
[EventType "team-tourn"]
[EventCountry "POL"]
[SourceTitle "playchess.com"]
[Source "ChessBase"]
[SourceQuality "1"]
[TimeControl "40/5400+30:900+30"]

1. Nf3 Nf6 2. g3 g6 3. Bg2 Bg7 4. O-O O-O 5. d4 c6 6. c4 d5 7. cxd5 cxd5 8. Nc3 Qb6 9. b3 Nc6 10. Bg5 Ne4 11. Na4 Qd8 12. Be3 b5 13. Rc1 bxa4 14. Rxc6 Bd7 15. Rc1 Qa5 16. Ne5 Bb5 17. Nc6 Qc7 18. Nb4 Qd7 19. Nxd5 Qxd5 20. Rc5 Qd7 21. Bxe4 Rac8 22. b4 e6 23. Qc2 Bf6 24. Rc1 Rxc5 25. dxc5 Bc6 26. Bxc6 Qxc6 27. Qc4 a6 28. Qf4 e5 29. Qc4 Rd8 30. f3 Kf8 31. Kf2 Ke8 32. Rb1 Rd7 33. b5 axb5 34. Rxb5 Ra7 35. Rb6 Qc7 36. Rxf6 1-0

[Event "POL-chT 2nd League-4 2020"]
[Site "Poronin"]
[Date "2020.09.09"]
[Round "5.11"]
[White "Boruta, Dawid"]
[Black "Glatty, Zbigniew"]
[Result "1-0"]
[ECO "A03"]
[WhiteElo "1822"]
[BlackElo "1857"]
[Annotator "NA RC"]
[PlyCount "95"]
[EventDate "2020.09.05"]
[EventType "team-tourn"]
[EventCountry "POL"]
[SourceTitle "playchess.com"]
[Source "ChessBase"]
[SourceQuality "1"]
[TimeControl "40/5400+30:900+30"]

1. f4 d5 2. Nf3 g6 3. g3 Bg7 4. Bg2 b6 5. O-O Bb7 6. c3 Nh6 7. d3 Nf5 8. e4 dxe4 9. Ng5 Nd6 10. Nxe4 Nxe4 11. dxe4 Qxd1 12. Rxd1 Nd7 13. Be3 O-O-O 14. Nd2 Nf6 15. Bd4 Rhg8 16. Bxf6 Bxf6 17. e5 Bg7 18. Nf3 f6 19. Bh3+ Kb8 20. Rxd8+ Rxd8 21. Nd4 Rg8 22. Be6 Rh8 23. Re1 fxe5 24. fxe5 c5 25. Nb3 Rd8 26. Kf2 a5 27. Re2 a4 28. Nd2 Bxe5 29. Nc4 Bc7 30. Bg4 b5 31. Nd2 b4 32. c4 Rd4 33. Be6 a3 34. bxa3 bxa3 35. Nb3 Rd8 36. Ke1 Bd6 37. Re3 Kc7 38. Na5 Bh1 39. Ke2 Ra8 40. Nb3 Rb8 41. Kd3 Rf8 42. Ke2 Bg2 43. Nd2 Ra8 44. Kf2 Bh1 45. Nb1 Rb8 46. Nxa3 Rb2+ 47. Re2 Rxe2+ 48. Kxe2 1-0

[Event "POL-chT 2nd League-4 2020"]
[Site "Poronin"]
[Date "2020.09.09"]
[Round "5.18"]
[White "Dabrowska, Aleksandra"]
[Black "Stebel, Agata"]
[Result "1/2-1/2"]
[ECO "B34"]
[WhiteElo "1566"]
[BlackElo "1871"]
[Annotator "NA RC"]
[PlyCount "94"]
[EventDate "2020.09.05"]
[EventType "team-tourn"]
[EventCountry "POL"]
[SourceTitle "playchess.com"]
[Source "ChessBase"]
[SourceQuality "1"]
[TimeControl "40/5400+30:900+30"]

1. e4 c5 2. Nf3 Nc6 3. d4 cxd4 4. Nxd4 Nf6 5. Nc3 e5 6. Nb3 Bb4 7. Bd3 d5 8. exd5 Nxd5 9. Bd2 Nxc3 10. bxc3 Be7 11. O-O O-O 12. Re1 Be6 13. Qh5 g6 14. Qe2 Qc7 15. Bh6 Rfe8 16. Qf3 f5 17. Bb5 e4 18. Qe3 Bf6 19. Bxc6 Qxc6 20. Nd4 Qc4 21. a4 Bf7 22. Reb1 Re7 23. Bg5 Qa6 24. h3 Rc8 25. Nb5 Bxg5 26. Qxg5 Rd7 27. Qe3 Qa5 28. Qxa7 Qxa7 29. Nxa7 Rxc3 30. Rb2 Rd2 31. Rab1 Bd5 32. Nb5 Rcxc2 33. Rxc2 Rxc2 34. Rd1 Rc5 35. Nd6 Ra5 36. Nxb7 Bxb7 37. Rd8+ Kg7 38. Rd7+ Kh6 39. Rxb7 Rxa4 40. g3 Ra1+ 41. Kg2 Ra2 42. Kf1 g5 43. Re7 Kg6 44. g4 fxg4 45. hxg4 Ra4 46. Ke2 e3 47. f3 Rf4 1/2-1/2

[Event "POL-chT 2nd League-4 2020"]
[Site "Poronin"]
[Date "2020.09.09"]
[Round "5.24"]
[White "Bukowska, Katarzyna"]
[Black "Krzysztynska, Anna"]
[Result "0-1"]
[ECO "C48"]
[WhiteElo "1887"]
[BlackElo "1867"]
[Annotator "NA RC"]
[PlyCount "62"]
[EventDate "2020.09.05"]
[EventType "team-tourn"]
[EventCountry "POL"]
[SourceTitle "playchess.com"]
[Source "ChessBase"]
[SourceQuality "1"]
[TimeControl "40/5400+30:900+30"]

1. e4 e5 2. Nf3 Nc6 3. Bb5 Nf6 4. Nc3 d6 5. O-O Bg4 6. h3 Bh5 7. d3 a6 8. Ba4 Be7 9. Be3 O-O 10. g4 Bg6 11. Nd5 Nxd5 12. exd5 Nb8 13. Qd2 f5 14. Bg5 fxg4 15. Bxe7 Qxe7 16. Ng5 gxh3 17. Kh2 Rf4 18. Nxh3 Qh4 19. Qe3 Rxa4 20. f4 Nd7 21. c4 Rb4 22. b3 Bf5 23. Rf3 Bxh3 24. Rxh3 Qxf4+ 25. Qxf4 exf4 26. Rf3 Rf8 27. d4 a5 28. Re1 g5 29. Re7 Rf7 30. Re8+ Kg7 31. Ra8 a4 0-1

[Event "POL-chT 2nd League-4 2020"]
[Site "Poronin"]
[Date "2020.09.10"]
[Round "6.6"]
[White "Polak, Sylwia"]
[Black "Bukowska, Katarzyna"]
[Result "1/2-1/2"]
[ECO "D37"]
[WhiteElo "1590"]
[BlackElo "1887"]
[Annotator "NA RC"]
[PlyCount "98"]
[EventDate "2020.09.05"]
[EventType "team-tourn"]
[EventCountry "POL"]
[SourceTitle "playchess.com"]
[Source "ChessBase"]
[SourceQuality "1"]
[TimeControl "40/5400+30:900+30"]

1. d4 d5 2. c4 e6 3. Nc3 Nf6 4. Nf3 Be7 5. e3 O-O 6. Bd3 c5 7. O-O Nc6 8. b3 cxd4 9. exd4 h6 10. Bb2 Bd6 11. Re1 Bd7 12. Qd2 Rc8 13. Rac1 Re8 14. Nb5 Bb4 15. Bc3 Bf8 16. Bb2 a6 17. Nc3 Bb4 18. a3 Bd6 19. c5 Bb8 20. Na4 Na5 21. Qb4 Bxa4 22. Qxa4 Nc6 23. b4 Nh7 24. Qb3 Qc7 25. g3 Nf6 26. a4 a5 27. b5 Nb4 28. Bb1 Ne4 29. Ba3 f5 30. Bxb4 axb4 31. Qxb4 Qf7 32. Qa3 Rf8 33. Ne5 Bxe5 34. dxe5 f4 35. Rxe4 dxe4 36. Bxe4 Qe7 37. Qc3 Ra8 38. a5 Qf7 39. f3 fxg3 40. hxg3 Rab8 41. c6 bxc6 42. Bxc6 Rfc8 43. Qe3 Qg6 44. Kg2 Rxc6 45. Rxc6 Rxb5 46. Qc3 Qb1 47. Rc8+ Kh7 48. Qc2+ Qxc2+ 49. Rxc2 Rxa5 1/2-1/2

[Event "POL-chT 2nd League-4 2020"]
[Site "Poronin"]
[Date "2020.09.10"]
[Round "6.17"]
[White "Sochacki, Zenon"]
[Black "Gonsior, Monika"]
[Result "1/2-1/2"]
[ECO "A40"]
[WhiteElo "1885"]
[BlackElo "2001"]
[Annotator "RC"]
[PlyCount "59"]
[EventDate "2020.09.05"]
[EventType "team-tourn"]
[EventCountry "POL"]
[SourceTitle "playchess.com"]
[Source "ChessBase"]
[SourceQuality "1"]
[TimeControl "40/5400+30:900+30"]

1. d4 e6 2. c4 b6 3. a3 Bb7 4. Nc3 f5 5. Nf3 Nf6 6. g3 Be7 7. Bg2 O-O 8. O-O a5 9. Rb1 h6 10. b4 Ne4 11. Qc2 Nxc3 12. Qxc3 Be4 13. Nd2 Bxg2 14. Kxg2 axb4 15. axb4 d5 16. Nf3 Nd7 17. cxd5 exd5 18. b5 Bd6 19. Ne5 Nf6 20. Qc6 Ra4 21. Bb2 Qa8 22. Ra1 Qxc6 23. Nxc6 Rfa8 24. f3 Kf7 25. Rxa4 Rxa4 26. Ra1 Rc4 27. Rc1 Ke6 28. Nd8+ Ke7 29. Nc6+ Ke6 30. Nd8+ 1/2-1/2

[Event "POL-chT 2nd League-4 2020"]
[Site "Poronin"]
[Date "2020.09.10"]
[Round "6.21"]
[White "Turecki, Stanislaw"]
[Black "Pasionek, Ariel"]
[Result "1-0"]
[ECO "B01"]
[WhiteElo "1785"]
[BlackElo "1894"]
[Annotator "NA RC"]
[PlyCount "81"]
[EventDate "2020.09.05"]
[EventType "team-tourn"]
[EventCountry "POL"]
[SourceTitle "playchess.com"]
[Source "ChessBase"]
[SourceQuality "1"]
[TimeControl "40/5400+30:900+30"]

1. e4 d5 2. exd5 Qxd5 3. Nc3 Qa5 4. d4 Nf6 5. Bc4 c6 6. Nge2 Bf5 7. O-O e6 8. Ng3 Bd6 9. a3 O-O 10. Nxf5 Qxf5 11. h3 Nbd7 12. Bd2 Nb6 13. g4 Nxg4 14. hxg4 Qf6 15. Ne4 Qxd4 16. Nxd6 Nxc4 17. Nxc4 Qxc4 18. b3 Qe4 19. Re1 Qg6 20. Bc3 Rad8 21. Qe2 h5 22. Qe4 Qg5 23. Re3 Rd5 24. Rg3 h4 25. f4 Qh6 26. g5 Qh5 27. Qf3 Qg6 28. Rg2 Rfd8 29. Re1 Qf5 30. Kh2 Rc5 31. Re3 Rdd5 32. Rge2 Rd1 33. Re5 Rxe5 34. Bxe5 Rc1 35. Qd3 Qg4 36. Rg2 Qh5 37. g6 fxg6 38. Rxg6 Rd1 39. Rxg7+ Kf8 40. Qe3 Qf5 41. Qc5+ 1-0

[Event "POL-chT 2nd League-4 2020"]
[Site "Poronin"]
[Date "2020.09.10"]
[Round "6.22"]
[White "Wojciechowski, Beniamin"]
[Black "Rainer, Piotr"]
[Result "0-1"]
[ECO "B24"]
[WhiteElo "1814"]
[BlackElo "1641"]
[Annotator "NA RC"]
[PlyCount "62"]
[EventDate "2020.09.05"]
[EventType "team-tourn"]
[EventCountry "POL"]
[SourceTitle "playchess.com"]
[Source "ChessBase"]
[SourceQuality "1"]
[TimeControl "40/5400+30:900+30"]

1. e4 c5 2. Nc3 Nc6 3. g3 e5 4. Bg2 Nf6 5. d3 Be7 6. Nge2 O-O 7. O-O Nd4 8. a4 d6 9. h3 h5 10. Be3 Nh7 11. f4 f5 12. Nd5 fxe4 13. dxe4 Be6 14. c3 Bxd5 15. cxd4 exd4 16. exd5 dxe3 17. Qd3 Bf6 18. Qxe3 Re8 19. Qd2 Qe7 20. Rae1 Qe3+ 21. Qxe3 Rxe3 22. Bf3 Bxb2 23. Bxh5 Nf6 24. Bf3 Rae8 25. Kf2 Ra3 26. Rb1 Ra2 27. Ke1 Bc3+ 28. Kd1 Bb4 29. Rf2 Ne4 30. Bxe4 Rxe4 31. Nc3 Rd4+ 0-1

[Event "POL-chT 2nd League-4 2020"]
[Site "Poronin"]
[Date "2020.09.10"]
[Round "6.24"]
[White "Krzysztynska, Anna"]
[Black "Siwek, Kinga"]
[Result "1-0"]
[ECO "B24"]
[WhiteElo "1867"]
[BlackElo "1804"]
[Annotator "NA RC"]
[PlyCount "71"]
[EventDate "2020.09.05"]
[EventType "team-tourn"]
[EventCountry "POL"]
[SourceTitle "playchess.com"]
[Source "ChessBase"]
[SourceQuality "1"]
[TimeControl "40/5400+30:900+30"]

1. e4 c5 2. Nc3 Nc6 3. g3 g6 4. Bg2 Bg7 5. d3 e5 6. f4 d6 7. Nge2 Nge7 8. Be3 Nd4 9. O-O O-O 10. h3 Rb8 11. g4 f5 12. Ng3 Bd7 13. Kh2 Qc8 14. gxf5 gxf5 15. Nd5 Nxd5 16. exd5 Kh8 17. a4 c4 18. Ra3 cxd3 19. Rxd3 Bxa4 20. b3 Bd7 21. Bxd4 exd4 22. Rxd4 Be8 23. Rd3 Qd7 24. Re1 Bf7 25. Rde3 Rfe8 26. Qd3 Rxe3 27. Rxe3 Bg6 28. h4 Rf8 29. h5 Be8 30. Bh3 Bh6 31. Rf3 Qe7 32. Nxf5 Rxf5 33. Bxf5 Qh4+ 34. Kg2 Bxf4 35. Qd4+ Kg8 36. Be6+ 1-0

[Event "POL-chT 2nd League-4 2020"]
[Site "Poronin"]
[Date "2020.09.11"]
[Round "7.6"]
[White "Chmiel, Dominika"]
[Black "Dabrowska, Aleksandra"]
[Result "1-0"]
[ECO "B18"]
[WhiteElo "2023"]
[BlackElo "1566"]
[Annotator "RC"]
[PlyCount "105"]
[EventDate "2020.09.05"]
[EventType "team-tourn"]
[EventCountry "POL"]
[SourceTitle "playchess.com"]
[Source "ChessBase"]
[SourceQuality "1"]
[WhiteTeam "Victoria Chroscice"]
[BlackTeam "Skoczek Siedlce"]
[WhiteTeamCountry "POL"]
[TimeControl "40/5400+30:900+30"]

1. e4 c6 2. d4 d5 3. Nd2 dxe4 4. Nxe4 Bf5 5. Ng3 Bg6 6. Bc4 e6 7. N1e2 Bd6 8. h4 h6 9. Nf4 Bxf4 10. Bxf4 Nf6 11. c3 Nbd7 12. h5 Bh7 13. Qe2 Nb6 14. Bd3 Bxd3 15. Qxd3 Qd5 16. f3 Qc4 17. Qxc4 Nxc4 18. b3 Nd5 19. Bc1 Nce3 20. Bxe3 Nxe3 21. Kf2 Nd5 22. c4 Nb4 23. Rhd1 Rd8 24. Ne2 O-O 25. a3 Na6 26. Nc3 Rd7 27. Ra2 Rfd8 28. Rad2 Nc5 29. b4 Nb3 30. Rd3 Rxd4 31. Ke3 Rxd3+ 32. Rxd3 Rxd3+ 33. Kxd3 e5 34. Ne2 c5 35. Ke4 Nd4 36. Nc3 cxb4 37. axb4 Kf8 38. b5 Ke7 39. Kxe5 Ne6 40. Ne4 Kd7 41. g4 Ke7 42. f4 a5 43. f5 f6+ 44. Kd5 Nf8 45. Nc5 b6 46. Na4 Nd7 47. Kc6 Ne5+ 48. Kxb6 Nxc4+ 49. Kc7 Nd6 50. b6 Ne8+ 51. Kc6 Nd6 52. Nc5 a4 53. Nxa4 1-0

[Event "POL-chT 2nd League-4 2020"]
[Site "Poronin"]
[Date "2020.09.11"]
[Round "7.10"]
[White "Helis, Tadeusz"]
[Black "Szmyd, Marek"]
[Result "1-0"]
[ECO "D37"]
[WhiteElo "2157"]
[BlackElo "1874"]
[Annotator "RC"]
[PlyCount "95"]
[EventDate "2020.09.05"]
[EventType "team-tourn"]
[EventCountry "POL"]
[SourceTitle "playchess.com"]
[Source "ChessBase"]
[SourceQuality "1"]
[WhiteTeam "SILESIA Raciborz"]
[BlackTeam "Goniec Zarow"]
[TimeControl "40/5400+30:900+30"]

1. d4 d5 2. Nf3 e6 3. c4 Nf6 4. Nc3 b6 5. cxd5 exd5 6. Bg5 Be7 7. e3 O-O 8. Be2 Bb7 9. O-O Nbd7 10. Rc1 Ne4 11. Bf4 Bd6 12. Bxd6 Nxd6 13. Nb5 Nxb5 14. Bxb5 a6 15. Bc6 Bxc6 16. Rxc6 Rc8 17. Qc2 Nb8 18. Rc3 f6 19. Rc1 c6 20. Ne1 Qd6 21. Nd3 a5 22. Qa4 Rf7 23. b4 Ra7 24. bxa5 Rxa5 25. Qb4 Qd7 26. a3 Qc7 27. h3 Na6 28. Qb3 Kh8 29. Nb4 Nxb4 30. axb4 Ra7 31. b5 Qd7 32. bxc6 Qc7 33. Qxd5 Rd8 34. Qb3 Rd6 35. Qb4 h6 36. e4 Ra8 37. d5 f5 38. Rd1 fxe4 39. Qxe4 Rad8 40. Rcd3 b5 41. h4 Rf8 42. h5 Rdf6 43. d6 Qa7 44. Rf3 b4 45. d7 Qc7 46. Rxf6 gxf6 47. Qxb4 Rg8 48. Qd6 1-0

[Event "POL-chT 2nd League-4 2020"]
[Site "Poronin"]
[Date "2020.09.11"]
[Round "7.11"]
[White "Borowski, Przemyslaw"]
[Black "Sochacki, Zenon"]
[Result "0-1"]
[ECO "A45"]
[WhiteElo "1842"]
[BlackElo "1885"]
[Annotator "NA RC"]
[PlyCount "128"]
[EventDate "2020.09.05"]
[EventType "team-tourn"]
[EventCountry "POL"]
[SourceTitle "playchess.com"]
[Source "ChessBase"]
[SourceQuality "1"]
[WhiteTeam "Goniec Zarow"]
[BlackTeam "SILESIA Raciborz"]
[TimeControl "40/5400+30:900+30"]

1. d4 Nf6 2. Bg5 Ne4 3. h4 c5 4. d5 Qb6 5. Nd2 Nxd2 6. Bxd2 {[%emt 0:00:15] A45: Trompowsky Attack.} e5 7. e4 {[%emt 0:02:51] [#]} g6 $146 ({Predecessor:} 7... d6 8. a4 Nd7 9. a5 Qc7 10. c4 Be7 11. Bd3 Qd8 12. g3 O-O 13. Nf3 Nf6 {0-1 (42) Harika,D (2480)-Khademalsharieh,S (2372) Hamedan 2018}) 8. Bc3 d6 9. f4 Bg7 10. h5 Nd7 11. hxg6 hxg6 12. Rxh8+ Bxh8 13. Nf3 Nf6 14. Qe2 Ng4 15. O-O-O Bd7 16. Ng5 Bf6 17. Qe1 Qc7 18. Nh7 Bg7 19. fxe5 Bxe5 20. Bxe5 Nxe5 21. Qh4 Qd8 22. Nf6+ Kf8 23. Qh6+ Ke7 24. Qg5 Qh8 25. Nxd7+ Kxd7 26. Bb5+ Kc8 27. Rf1 Qd8 28. Qg3 a6 29. Be2 Kc7 30. b4 cxb4 31. Kb2 (31. Qe3 $17) 31... Qd7 32. c3 Qa4 33. c4 Qa3+ 34. Qxa3 bxa3+ 35. Kxa3 Rh8 36. Kb4 b6 37. a4 Rh2 38. Rf2 Rh1 39. Bf1 Rh4 40. a5 $19 (40. Re2 {was worth a try.}) 40... Rxe4 41. axb6+ Kxb6 42. Rf6 a5+ 43. Ka4 Nxc4 44. Bxc4 Rxc4+ 45. Kb3 Kc5 46. Rxf7 a4+ 47. Ka3 Kxd5 48. Rf3 g5 49. Rf5+ Ke6 50. Rxg5 d5 51. Rg8 d4 52. Rf8 Ke5 53. g4 d3 54. Re8+ Kf4 55. g5 Rd4 56. Re1 d2 57. Rd1 Kxg5 58. Kb2 Kf4 59. Kc2 Ke3 60. Rh1 Rc4+ 61. Kb1 a3 62. Rg1 a2+ 63. Kxa2 Rc1 64. Rg3+ Kf4 0-1

[Event "POL-chT 2nd League-4 2020"]
[Site "Poronin"]
[Date "2020.09.11"]
[Round "7.12"]
[White "Suchanek, Paulina"]
[Black "Czaplewska, Klara"]
[Result "1/2-1/2"]
[ECO "A50"]
[WhiteElo "1555"]
[BlackElo "1875"]
[Annotator "NA RC"]
[PlyCount "33"]
[EventDate "2020.09.05"]
[EventType "team-tourn"]
[EventCountry "POL"]
[SourceTitle "playchess.com"]
[Source "ChessBase"]
[SourceQuality "1"]
[WhiteTeam "SILESIA Raciborz"]
[BlackTeam "Goniec Zarow"]
[TimeControl "40/5400+30:900+30"]

1. d4 Nf6 2. c4 Nc6 3. Nc3 e5 4. e3 Bb4 5. Nf3 exd4 6. exd4 Bxc3+ 7. bxc3 O-O 8. Be2 d6 9. O-O h6 10. Re1 Re8 11. Ba3 b6 12. Qc2 Ne7 13. c5 Bf5 14. Qb3 dxc5 15. dxc5 Be6 16. Qc2 Bd5 17. Rad1 1/2-1/2

[Event "POL-chT 2nd League-4 2020"]
[Site "Poronin"]
[Date "2020.09.11"]
[Round "7.16"]
[White "Rainer, Piotr"]
[Black "Babiarz, Arkadiusz"]
[Result "0-1"]
[ECO "B43"]
[WhiteElo "1641"]
[BlackElo "1872"]
[Annotator "NA RC"]
[PlyCount "54"]
[EventDate "2020.09.05"]
[EventType "team-tourn"]
[EventCountry "POL"]
[SourceTitle "playchess.com"]
[Source "ChessBase"]
[SourceQuality "1"]
[WhiteTeam "Goniec Staniatki"]
[BlackTeam "Rzeszowski Klub Szachowy"]
[TimeControl "40/5400+30:900+30"]

1. e4 c5 2. Nf3 e6 3. d4 cxd4 4. Nxd4 a6 5. Nc3 Qc7 6. a3 Nf6 7. Be2 b5 8. Bg5 Be7 9. O-O Bb7 10. Bf3 Ng4 11. Bxg4 Bxg5 12. Ndxb5 axb5 13. Nxb5 Qb6 14. Nd6+ Kf8 15. Nxb7 Qxb7 16. f4 Be7 17. f5 h5 18. fxe6 hxg4 19. Rxf7+ Ke8 20. Qd4 dxe6 21. Rxg7 Bc5 22. Qxc5 Qxg7 23. Qc8+ Ke7 24. Qb7+ Nd7 25. Rd1 Rad8 26. a4 Qe5 27. Qb4+ Qc5+ 0-1

[Event "POL-chT 2nd League-4 2020"]
[Site "Poronin"]
[Date "2020.09.11"]
[Round "7.18"]
[White "Siwek, Kinga"]
[Black "Polak, Sylwia"]
[Result "1/2-1/2"]
[ECO "B42"]
[WhiteElo "1804"]
[BlackElo "1590"]
[Annotator "NA RC"]
[PlyCount "44"]
[EventDate "2020.09.05"]
[EventType "team-tourn"]
[EventCountry "POL"]
[SourceTitle "playchess.com"]
[Source "ChessBase"]
[SourceQuality "1"]
[WhiteTeam "Goniec Staniatki"]
[BlackTeam "Rzeszowski Klub Szachowy"]
[TimeControl "40/5400+30:900+30"]

1. e4 c5 2. Nf3 e6 3. d4 cxd4 4. Nxd4 a6 $14 5. Bd3 Qc7 6. Nc3 Nf6 7. O-O d6 8. Be3 b5 9. a3 Bb7 10. Qe2 Nbd7 11. f4 Be7 12. Kh1 Rc8 13. Rad1 Nb6 14. Nb3 Nc4 15. Bxc4 Qxc4 16. Qxc4 bxc4 17. Nd2 Ng4 18. Bd4 e5 19. fxe5 dxe5 20. Bg1 O-O 21. Nf3 Bc5 22. Bxc5 Rxc5 1/2-1/2